 Dungeon Crawl Stone Soup version 0.28-a0-794-gafe8c5f9e9 (webtiles) character file.

Game seed: 17555498206207276852

0 spiderkeys the Skirmisher (level 1, -24/14 HPs)
             Began as a Tengu Abyssal Knight on Nov 6, 2021.
             Was a Follower of Lugonu.
             Annihilated by an Executioner (27 damage)
             ... on level 1 of the Abyss.
             The game lasted 00:00:11 (95 turns).

spiderkeys the Skirmisher (Tengu Abyssal Knight)      Turns: 95, Time: 00:00:12

Health: -24/14     AC:  3    Str: 13    XL:     1   Next: 0%
Magic:  3/3        EV: 11    Int: 10    God:    Lugonu [*.....]
Gold:   35         SH:  0    Dex: 14    Spells: 0/0 levels left

rFire   . . .      SeeInvis .   a - +1 spear
rCold   . . .      Faith    .   (no shield)
rNeg    . . .      Spirit   .   b - +0 leather armour
rPois   .          Reflect  .   (helmet restricted)
rElec   .          Harm     .   (no cloak)
rCorr   .          Rampage  .   (no gloves)
Will    .....                   (boots unavailable)
Stlth   +.........              (no amulet)
HPRegen 0.04/turn               (no ring)
MPRegen 0.08/turn               (no ring)

@: no status effects
A: beak, talons 3
a: Renounce Religion, Depart the Abyss


You were on level 1 of the Abyss.
You worshipped Lugonu.
Lugonu was aware of your devotion.
You visited 0 branches of the dungeon, and saw 0 of its levels.
You visited the Abyss 1 time.

You collected 35 gold pieces.


Innate Abilities, Weirdness & Mutations

You have a beak for a mouth.
You have claws for feet.


   Skills:
 + Level 3.0 Fighting
 + Level 2.1 Polearms
 + Level 2.1 Armour
 + Level 1.1 Dodging
 + Level 1.5 Invocations


You couldn't memorise any spells.
You didn't know any spells.
Your spell library was empty.

Inventory:

Hand Weapons
 a - a +1 spear (weapon)
Missiles
 c - 9 stones
Armour
 b - a +0 leather armour (worn)

Dungeon Overview and Level Annotations

Branches:
Dungeon (0/15)

Altars:

..... . ..#..###
.. .#.#..# .#..
#5..#.## #....
#......#
....##.....# #
#..#.1#.# #
#..@...## #
#.#...##..#
###.......# .3 #
##.#.w3#.... .#
###.#..#Xw...#..
. .
..#.#...#.#..#
.#..
...#.....####.
.........#.##....
.
#.#.#....#......#


You could see a tentacled starspawn, an Executioner (fast), a smoke demon, 2
starspawn tentacles and a quasit.


Message History

🤖 Initializing magus.rc ... ✅ Successfully initialized magus.rc [v1.9.10] Welcome, spiderkeys the Tengu Abyssal Knight.
Are you destined to find the wondrous Orb of Zot, or to die trying?
Lugonu says: Depart the Abyss and spread corruption, my servant! (use the ability menu to exit the Abyss) Press ? for a list of commands and other information.
Found a corrupted altar of Lugonu.
Found a gateway leading out of the Abyss.
Found a shimmering blue altar of Sif Muna.
Found a gateway leading deeper into the Abyss.
Unknown command.
You now have 11 gold pieces.
You now have 21 gold pieces (gained 10).
You now have 35 gold pieces (gained 14).
c - 9 stones A wraith comes into view.
A tentacled starspawn comes into view.
Tentacles burst from the starspawn's body! 2 starspawn tentacles come into view.
Tentacles burst from the starspawn's body! 2 starspawn tentacles come into view.
Found a corrupted altar of Lugonu.
A smoke demon comes into view.
The smoke demon roars!
The smoke demon gestures at you. Something smites you!
Ouch! That really hurt!
* * * LOW HITPOINT WARNING * * *
😱 HP[-11]
You take 11 damage, and now have 3/14 hp.
MASSIVE DAMAGE!! (PAUSE)
An Executioner comes into view.
The Executioner gives a hideous shriek!
You hear a chilling moan.
The Executioner gestures.
The Executioner seems to speed up.
A quasit comes into view.
Tentacles burst from the starspawn's body! 2 starspawn tentacles come into view.
The Executioner hits you!!
Ouch! That really hurt!
You die...

Levels and vault maps discovered:
Abyss:1:  base: Temple, base:
Temple

Notes
Turn   | Place    | Note
-------+----------+-------------------------------------------
     0 | Abyss:1  | spiderkeys the Tengu Abyssal Knight began the quest for the
                  | Orb.
     0 | Abyss:1  | Reached XP level 1. HP: 14/14 MP: 3/3
     0 | Abyss:1  | magus.rc [v1.9.10]
    19 | Abyss:1  | Found a shimmering blue altar of Sif Muna.
    77 | Abyss:1  | Noticed a wraith
    79 | Abyss:1  | Noticed a tentacled starspawn
    87 | Abyss:1  | Found a corrupted altar of Lugonu.
    90 | Abyss:1  | Noticed a smoke demon
    90 | Abyss:1  | HP: 3/14 [smoke demon/divine providence (11)]
    93 | Abyss:1  | Noticed an Executioner
    94 | Abyss:1  | Noticed a quasit
    95 | Abyss:1  | Annihilated by an Executioner

Vanquished Creatures (others)
  4 starspawn tentacles (Abyss:1)
4 creatures vanquished.

Table legend:
 A = Non-vault XP
 B = Vault XP
 C = Vault XP percentage of total XP
 D = Non-vault monster count
 E = Vault monster count
 F = Vault count percentage of total count
                 A         B        C        D         E       F
            +---------+---------+-------+---------+---------+-------
      Total |       0 |       0 |   N/A |       0 |       0 |  -nan
            +---------+---------+-------+---------+---------+-------
            +---------+---------+-------+---------+---------+-------

Illustrated notes

Table legend: (Time is in decaauts)
 A = Elapsed time spent in this place.
 B = Non-inter-level travel time spent in this place.
 C = Inter-level travel time spent in this place.
 D = Time resting spent in this place.
 E = Time spent auto-exploring this place.
 F = Levels seen in this place.
 G = Mean time per level.
                   A        B        C        D        E       F      G
               +--------+--------+--------+--------+--------+-----+--------+
         Total |     95 |     95 |      0 |      0 |     74 |   1 |   95.0 |
         Abyss |     95 |     95 |      0 |      0 |     74 |   1 |   95.0 |
               +--------+--------+--------+--------+--------+-----+--------+

Top non-repeatable levels by time:
 Abyss:1: 95 daAuts
